 Dungeon Crawl Stone Soup version 0.19.0-2-gae57169 (webtiles) character file.

4617 Chiseanne the Fighter (level 10, -3/138 HPs)
             Began as a Minotaur Berserker on Nov 3, 2016.
             Was a Priest of Trog.
             Slain by a warg (7 damage)
             ... on level 2 of the Orcish Mines.
             The game lasted 00:19:12 (3352 turns).

Chiseanne the Fighter (Minotaur Berserker)          Turns: 3352, Time: 00:19:13

Health: -3/138     AC: 16    Str: 27    XL:     10   Next: 19%
Magic:  9/9        EV: 11    Int:  7    God:    Trog [***...]
Gold:   361        SH:  0    Dex: 13    Spells: 0 memorised, 9 levels left

rFire  + . .     SeeInvis .     l - +0 war axe
rCold  . . .     Gourm    .     k - +1 plate armour
rNeg   . . .     Faith    .     (no shield)
rPois  .         Spirit   .     r - +1 hat {Int+3}
rElec  .         Reflect  .     (no cloak)
rCorr  .         Harm     .     (no gloves)
MR     ++...                    (no boots)
Stlth  ..........               b - amulet of regeneration
                                p - ring of protection from fire
                                i - +2 ring of slaying

@: berserking (expiring), regenerating, very quick
A: retaliatory headbutt, horns 2
a: Berserk, Trog's Hand, Burn Spellbooks, Renounce Religion


You were on level 2 of the Orcish Mines.
You worshipped Trog.
Trog was most pleased with you.
You were hungry.

You visited 2 branches of the dungeon, and saw 11 of its levels.

You collected 452 gold pieces.
You spent 91 gold pieces at shops.

Inventory:

Hand Weapons
 l - a +0 war axe (weapon)
 s - a +0 whip of flaming
Missiles
 w - 2 tomahawks (quivered)
Armour
 k - a +1 plate armour (worn)
 q - a +0 pair of gloves
 r - a +1 hat of intelligence (worn)
Jewellery
 b - an amulet of regeneration (around neck)
 i - a +2 ring of slaying (left hand)
 n - an uncursed ring of protection from cold
 p - a ring of protection from fire (right hand)
 u - an uncursed amulet of harm {unknown}
Wands
 f - a wand of iceblast (0/15)
Scrolls
 g - a scroll of recharging
 m - 3 scrolls of remove curse
Potions
 e - 2 potions of haste
 t - a potion of mutation {unknown}
 v - a potion of degeneration {unknown}
 x - a potion of beneficial mutation {unknown}
Comestibles
 a - a chunk of flesh
 c - 5 bread rations
 d - a beef jerky
 h - 6 fruits
 j - 7 meat rations
 o - a slice of pizza


   Skills:
 * Level 9.7 Fighting
 * Level 9.6 Axes
 * Level 9.5 Armour
 * Level 8.2 Dodging


You had 9 spell levels left.
You didn't know any spells.

Dungeon Overview and Level Annotations

Branches:
Dungeon (9/15)             Temple (0/1) D:4             Orc (2/2) D:9
    Elf (0/3) Orc:2
   Lair: D:8-11

Altars:
Nemelex Xobeh
Okawaru
Xom

Shops:
D:6 =*

Annotations:
D:3 Nicoed's ghost, amateur HOFi


Innate Abilities, Weirdness & Mutations

You reflexively headbutt those who attack you in melee.
You have a pair of horns on your head.


Message History

Snorg bites you but does no damage. Snorg barely misses you. Snorg claws you.
* * * LOW HITPOINT WARNING * * *
Your plate armour prevents you from hitting Snorg.
You headbutt Snorg!!
Snorg is almost dead.
You slash the orc!
You kill the orc!
Trog accepts your kill. Snorg bites you.
* * * LOW HITPOINT WARNING * * *
Snorg claws you but does no damage. Snorg claws you!
* * * LOW HITPOINT WARNING * * *
Your plate armour prevents you from hitting Snorg.
You headbutt Snorg!
You kill Snorg!
Trog accepts your kill.
Your Dodging skill increases to level 8!
You have reached level 10!
The warg bites you!
You die...

#............
...# ............
....##...........
......$..........
......>..........
.................
.................
...$...h.<.......
#......@)........
#.....)))........
##.....))........
.................
.................
.................
.................
.....#.#.......$
....... .......


You could see a warg.

Vanquished Creatures
  Snorg (Orc:2)
  Pikel (D:5)
  Joseph (D:8)
  A hungry ghost (D:9)
  A black bear (D:8)
  8 orc warriors
  An ice beast (D:7)
  3 slaves (D:5)
  6 ogres
  A crocodile (D:8)
  A wyvern zombie (D:8)
  5 bullfrogs
  A wyvern skeleton (D:8)
  A scorpion (D:5)
  3 wights (D:8)
  A bullfrog zombie (D:8)
  2 hounds
  5 orc wizards
  6 orc priests
  A centaur skeleton (D:4)
  An iguana (D:7)
  3 worker ants
  A worker ant zombie (D:4)
  4 gnolls (D:3)
  2 adders
  A shadow imp (D:5)
  An adder zombie (D:8)
  2 worms
  3 leopard geckos
  43 orcs
  3 giant cockroaches
  2 hobgoblins
  4 jackals (D:8)
  4 quokkas
  2 bats
  2 frilled lizards (D:2)
  A kobold (D:2)
  A leopard gecko skeleton (D:8)
  A rat (D:2)
131 creatures vanquished.

Notes
Turn   | Place    | Note
-------+----------+-------------------------------------------
     0 | D:1      | Chiseanne the Minotaur Berserker began the quest for the Orb.
     0 | D:1      | Reached XP level 1. HP: 19/19 MP: 0/0
   115 | D:2      | Reached XP level 2. HP: 24/27 MP: 1/1
   483 | D:2      | Found a sparkling altar of Nemelex Xobeh.
   486 | D:2      | Found a shimmering altar of Xom.
   596 | D:3      | Found an iron altar of Okawaru.
   642 | D:3      | Noticed Nicoed's ghost (amateur HOFi)
   791 | D:3      | Reached XP level 3. HP: 32/33 MP: 2/2
   945 | D:4      | Reached XP level 4. HP: 30/41 MP: 3/3
  1057 | D:4      | Noticed an ogre
  1066 | D:4      | Killed an ogre
  1066 | D:4      | Reached XP level 5. HP: 47/47 MP: 4/4
  1096 | D:4      | Noticed an ogre
  1107 | D:4      | Killed an ogre
  1107 | D:4      | Reached skill level 5 in Fighting
  1107 | D:4      | Reached skill level 5 in Axes
  1107 | D:4      | Reached XP level 6. HP: 45/56 MP: 5/5
  1163 | D:4      | Found a staircase to the Ecumenical Temple.
  1218 | D:5      | Entered Level 5 of the Dungeon
  1221 | D:5      | Noticed a slave
  1222 | D:5      | Noticed Pikel
  1223 | D:5      | Noticed a slave
  1224 | D:5      | Noticed a slave
  1225 | D:5      | Noticed a slave
  1231 | D:5      | Killed a slave
  1235 | D:5      | Killed a slave
  1236 | D:5      | Killed a slave
  1237 | D:5      | Killed Pikel
  1237 | D:5      | Reached ** piety under Trog
  1237 | D:5      | Reached skill level 5 in Armour
  1237 | D:5      | Reached skill level 5 in Dodging
  1237 | D:5      | Reached XP level 7. HP: 63/63 MP: 6/6
  1270 | D:6      | Found Hirgh's Jewellery Boutique.
  1273 | D:6      | Bought a cursed ring of loudness for 49 gold pieces
  1275 | D:6      | Found Qoheufas's General Store.
  1291 | D:6      | Reached XP level 8. HP: 39/71 MP: 7/7
  1795 | D:6      | Bought a scroll of remove curse for 42 gold pieces
  1935 | D:8      | p0werm0de: heya.. zig splat?
  1937 | D:8      | Chiseanne: yo :-/
  1937 | D:8      | Chiseanne: several pan lords..no blinks..cornered
  1937 | D:8      | p0werm0de: yea fkit
  1937 | D:8      | Chiseanne: got hammered down to like 10% health , no health pots and tried berserk as a desperete last move
  1937 | D:8      | p0werm0de: berserked youre alrdy dead mostly
  1937 | D:8      | Chiseanne: as I said
  1941 | D:8      | p0werm0de: but prob too late yea
  1947 | D:8      | Chiseanne: there was no way..I got shot down
  1972 | D:8      | Chiseanne: I stood in a corner and did fired up a smoke scroll
  1972 | D:8      | Chiseanne: then they popped up and shot me down in 2 turns
  2106 | D:8      | Reached XP level 9. HP: 62/81 MP: 8/8
  2303 | D:8      | Noticed Joseph
  2312 | D:8      | Killed Joseph
  2704 | D:8      | Chiseanne: but at least I killed pme of em..that'll teach em!
  2704 | D:8      | Chiseanne: lol
  2940 | D:9      | p0werm0de: xD
  2940 | D:9      | Chiseanne: pmw=one
  2953 | D:9      | Reached *** piety under Trog
  2981 | D:9      | Found a staircase to the Orcish Mines.
  3032 | Orc:1    | Entered Level 1 of the Orcish Mines
  3326 | Orc:2    | Entered Level 2 of the Orcish Mines
  3326 | Orc:2    | Found a staircase to the Elven Halls.
  3328 | Orc:2    | Noticed Snorg
  3350 | Orc:2    | HP: 1/124 [Snorg (13)]
  3351 | Orc:2    | Killed Snorg
  3351 | Orc:2    | Reached XP level 10. HP: 2/92 MP: 9/9
  3352 | Orc:2    | Slain by a warg

Skill      XL: |  1  2  3  4  5  6  7  8  9 |
---------------+----------------------------+-----
Fighting       | 4 5 6 8 9 |  9.7
Axes           | 4 5 6 7 9 |  9.6
Armour         | 3 4 5 6 7 9 |  9.5
Dodging        | 3 5 6 8 |  8.2

Action                   |  1- 3 |  4- 6 |  7- 9 | 10-12 || total
-------------------------+-------+-------+-------+-------++-------
Melee: Hand axe          |    49 |    38 |    50 |       ||   137
       Headbutt          |     5 |     6 |    49 |       ||    60
       War axe           |       |       |   167 |       ||   167
Invok: Berserk           |     1 |     1 |     4 |       ||     6
       Trog's Hand       |       |       |     7 |       ||     7
Evoke: Wand              |       |       |     5 |       ||     5
  Use: Scroll            |     4 |     1 |     7 |       ||    12
  Eat: Chunk             |     1 |     1 |    13 |       ||    15
Armor: Ring mail         |    15 |     1 |       |       ||    16
       Plate armour      |       |    20 |   149 |       ||   169
Dodge: Dodged            |    27 |    19 |   128 |       ||   174
